 Dungeon Crawl Stone Soup version 0.24.0-13-gcf9b319 (webtiles) character file.

Game seed: 10968910244370679201, levelgen mode: deterministic

2221 Bronimir the Thaumaturge (level 9, -8/47 HPs)
             Began as a Deep Elf Fire Elementalist on Apr 20, 2020.
             Was an Initiate of Vehumet.
             Mangled by Duvessa
             ... wielding a +0 rapier
              (20 damage)
             ... on level 7 of the Dungeon.
             The game lasted 00:17:50 (10370 turns).

Bronimir the Thaumaturge (DEFE)                    Turns: 10370, Time: 00:17:50

Health: -8/47      AC:  3    Str:  7    XL:     9   Next: 13%
Magic:  16/21      EV: 15    Int: 24    God:    Vehumet [......]
Gold:   485        SH:  0    Dex: 15    Spells: 7/25 levels left

rFire    . . .     SeeInvis .   b - +0 shortbow
rCold    . . .     Gourm    .   (shield currently unavailable)
rNeg     . . .     Faith    .   q - +0 robe
rPois    .         Spirit   .   (no helmet)
rElec    .         Reflect  .   (no cloak)
rCorr    .         Harm     .   (no gloves)
MR       .....                  (no boots)
Stlth    ++........             (no amulet)
HPRegen  0.15/turn              (no ring)
MPRegen  0.17/turn              (no ring)

@: no status effects
A: rugged brown scales 1, low mp 1, strong 1
a: Renounce Religion


You were on level 7 of the Dungeon.
You worshipped Vehumet.
Vehumet was noncommittal.
You were not hungry.

You visited 2 branches of the dungeon, and saw 8 of its levels.
You also visited: Ossuary.

You collected 485 gold pieces.

Inventory:

Hand Weapons
 a - the +0 rapier of the Unliving {venom, +Blink +Inv}
   (You found it on level 5 of the Dungeon)

   It poisons the flesh of those it strikes.
   It lets you turn invisible.
   It lets you blink.
 b - a +0 shortbow (weapon)
 f - a +0 quarterstaff of protection
 i - a +0 dagger
Missiles
 j - 158 stones
 r - 61 sling bullets
 v - 23 bolts
 E - 125 arrows (quivered)
Armour
 e - a +0 buckler
 q - a +0 robe (worn)
Jewellery
 m - an uncursed amulet of faith {unknown}
 x - an uncursed ring of teleportation
 B - a +1 ring of evasion {unknown}
Wands
 t - a wand of random effects (6)
 D - a wand of clouds (7)
Scrolls
 d - a scroll of immolation {unknown}
 g - 7 scrolls of remove curse
 k - 8 scrolls of identify
 l - a scroll of fear
 o - a scroll of fog
 s - 4 scrolls of enchant weapon {unknown}
 w - 2 scrolls of enchant armour {unknown}
 y - a scroll of blinking {unknown}
Potions
 h - 4 potions of curing
 n - a potion of lignification
 p - 2 potions of flight {unknown}
 u - 2 potions of brilliance {unknown}
 z - a potion of degeneration {unknown}
 A - a potion of might {unknown}
 C - a potion of cancellation {unknown}
Comestibles
 c - 11 rations
 F - a chunk of flesh


   Skills:
 + Level 0.9 Fighting
 + Level 0.3 Short Blades
 + Level 2.2 Staves
 * Level 5.1 Dodging
 - Level 2.4 Stealth
 * Level 2.8 Shields
 * Level 8.7 Spellcasting
 * Level 6.3 Conjurations
 * Level 7.0 Fire Magic
 * Level 1.8 Evocations


You had 7 spell levels left.
You knew the following spells:

 Your Spells              Type           Power        Failure   Level  Hunger
a - Flame Tongue          Conj/Fire      #####        1%          1    None
b - Throw Flame           Conj/Fire      #####.       1%          2    None
c - Conjure Flame         Conj/Fire      #####...     1%          3    None
d - Sticky Flame          Conj/Fire      #####...     3%          4    ##.....
e - Fireball              Conj/Fire      #####.....   11%         5    ####...
f - Inner Flame           Hex/Fire       ####....     4%          3    None

Your spell library contained the following spells:

 Spells                   Type           Power        Failure   Level  Hunger


Dungeon Overview and Level Annotations

Branches:
Dungeon (7/15)             Temple (1/1) D:6         Ossuary (visited)

Altars:
Ashenzari
Cheibriados
Elyvilon
Fedhas
Hepliaklqana
Makhleb
Nemelex Xobeh
Okawaru
Qazlal
Ru
Sif Muna
Trog
Uskayaw
Vehumet
Wu Jian
Xom
Yredelemnul
Zin
The Shining One

Annotations:
D:7 Duvessa


Innate Abilities, Weirdness & Mutations

You are partially covered in rugged brown scales. (AC +1, +3% HP)
Your magical capacity is low. (-10% MP)
Your muscles are strong. (Str +2)


Message History

Press: ? - help, Shift-Dir - straight line, f/p - Duvessa
Aim: Duvessa, wielding a +0 rapier and wearing a cursed +0 leather armour (lightly wounded, berserk, fast, unusually strong)
The sticky flame hits Duvessa but does no damage.
Duvessa is lightly wounded.
Duvessa is covered in liquid flames!
Duvessa burns!
Duvessa hits you with a +0 rapier!
Casting: Sticky Flame (safe; 3% risk of failure)
Confirm with . or Enter, or press ? or * to list all spells.
Aiming: Flame Tongue (safe; 1% risk of failure)
Press: ? - help, Shift-Dir - straight line, f/p - Duvessa
Aim: Duvessa, wielding a +0 rapier and wearing a cursed +0 leather armour (lightly wounded, berserk, fast, unusually strong, covered in liquid flames)
The flame tongue hits Duvessa!
Duvessa is moderately wounded.
Duvessa burns!
Duvessa barely misses you. Duvessa hits you with a +0 rapier!
* * * LOW HITPOINT WARNING * * *
As you read the scroll of fear, it crumbles to dust.
You assume a fearsome visage.
Duvessa burns!
Duvessa hits you with a +0 rapier!
* * * LOW HITPOINT WARNING * * *
You feel better.
Duvessa burns!
Duvessa hits you with a +0 rapier!!
You die...

.........
..# ####....
..# #....
..# ###....
#.# #......
#.#
###.####.
#(# #<..# #.
#e# ##### #.
#@# ##. #.#
#######..
#.#
#.....#.#
#.#
#.###.#.#
#.#
#.#.....#
#.#
####.#.#.###
#.#
#....#.#....
#.#
#.####.#####
#.# #.#
#.....[


You could see Duvessa (berserk).

Vanquished Creatures
  Sigmund (D:3)
  A hungry ghost (D:4)
  2 ice beasts
  A phantom (D:4)
  3 ogres
  A centaur (D:7)
  A bullfrog (D:7)
  A scorpion (D:5)
  Dowan (D:7)
  6 electric eels (D:5)
  A quasit (D:5)
  A bullfrog zombie (D:5)
  A crimson imp (D:6)
  A centaur skeleton (D:4)
  7 hounds
  A jelly (D:6)
  4 orc wizards (D:6)
  Jessica (D:3)
  3 worker ants
  Natasha (twice) (D:3)
  A killer bee zombie (D:7)
  A hound skeleton (D:5)
  4 mummies
  A howler monkey zombie (D:6)
  Robin (D:3)
  6 gnolls
  5 adders
  A shadow imp (D:5)
  3 worms
  2 dart slugs
  4 leopard geckos
  3 orcs
  A ball python (D:4)
  6 bats
  9 giant cockroaches
  15 goblins
  6 hobgoblins
  2 jackals (D:1)
  6 kobolds
  5 quokkas
  9 frilled lizards
  A gnoll zombie (Ossuary)
  2 hobgoblin zombies (Ossuary)
  A kobold zombie (Ossuary)
  A leopard gecko zombie (D:5)
  An orc zombie (Ossuary)
  2 quokka skeletons
  A quokka zombie (D:6)
  13 rats
  4 plants (D:5)
157 creatures vanquished.

Notes
Turn   | Place    | Note
-------+----------+-------------------------------------------
     0 | D:1      | Bronimir the Deep Elf Fire Elementalist began the quest for
                  | the Orb.
     0 | D:1      | Reached XP level 1. HP: 10/10 MP: 6/6
   460 | D:1      | Reached XP level 2. HP: 15/15 MP: 5/8
   490 | D:1      | Learned a level 2 spell: Throw Flame
   955 | D:2      | Reached XP level 3. HP: 19/19 MP: 1/10
  1670 | D:2      | Found a faded altar of an unknown god.
  1681 | D:2      | Reached XP level 4. HP: 18/24 MP: 8/11
  2318 | D:3      | Noticed Jessica
  2318 | D:3      | Noticed Robin
  2331 | D:3      | Reached skill level 4 in Spellcasting
  2621 | D:4      | Reached XP level 5. HP: 16/28 MP: 8/13
  2792 | D:4      | Learned a level 3 spell: Conjure Flame
  2797 | D:4      | Learned a level 4 spell: Sticky Flame
  2800 | D:3      | Killed Jessica
  2800 | D:3      | Reached skill level 1 in Shields
  2822 | D:3      | Killed Robin
  2905 | D:3      | Noticed Sigmund
  2913 | D:3      | Killed Sigmund
  2913 | D:3      | Reached skill level 5 in Spellcasting
  2913 | D:3      | Reached XP level 6. HP: 22/32 MP: 8/15
  3261 | D:3      | Noticed Natasha
  3265 | D:3      | Killed Natasha
  3613 | D:3      | Noticed Natasha
  3618 | D:3      | Killed Natasha
  3618 | D:3      | Reached skill level 1 in Staves
  3618 | D:3      | Reached skill level 5 in Fire Magic
  4037 | D:4      | Learned a level 5 spell: Fireball
  4159 | D:4      | Reached XP level 7. HP: 31/36 MP: 7/17
  5372 | D:5      | Entered Level 5 of the Dungeon
  5390 | D:5      | Reached skill level 6 in Spellcasting
  5829 | D:5      | Found a sand-covered staircase.
  5838 | Ossuary  | Entered an ossuary
  5966 | D:5      | Reached XP level 8. HP: 32/42 MP: 2/20
  6175 | D:4      | Gained mutation: You are partially covered in rugged brown
                  | scales. (AC +1, +3% HP) [potion of mutation]
  6175 | D:4      | Gained mutation: Your magical capacity is low. (-10% MP)
                  | [potion of mutation]
  6175 | D:4      | Gained mutation: Your muscles are strong. (Str +2) [potion
                  | of mutation]
  6188 | D:4      | Reached skill level 7 in Spellcasting
  6188 | D:4      | Reached skill level 5 in Conjurations
  6436 | D:5      | Learned a level 3 spell: Inner Flame
  6992 | D:5      | Found an ornate altar of the Wu Jian Council.
  6992 | D:5      | Found a stormy altar of Qazlal.
  6998 | D:5      | Found a basalt altar of Yredelemnul.
  7000 | D:5      | Found a shimmering altar of Xom.
  7001 | D:5      | Found a snail-covered altar of Cheibriados.
  7709 | D:5      | Got an encrusted rapier
  7710 | D:5      | Identified the +0 rapier of the Unliving {venom, +Blink
                  | +Inv} (You found it on level 5 of the Dungeon)
  8377 | D:6      | Reached skill level 8 in Spellcasting
  8639 | D:6      | Reached skill level 1 in Evocations
  8857 | D:6      | Found a white marble altar of Elyvilon.
  8920 | D:6      | Found a staircase to the Ecumenical Temple.
  8936 | Temple   | Entered the Ecumenical Temple
  8976 | Temple   | Became a worshipper of Vehumet
  9131 | D:6      | Reached skill level 5 in Dodging
  9654 | D:6      | Reached XP level 9. HP: 47/47 MP: 2/21
 10308 | D:7      | Found a hazy altar of Hepliaklqana.
 10342 | D:7      | Noticed Dowan
 10348 | D:7      | Killed Dowan
 10363 | D:7      | Noticed Duvessa
 10370 | D:7      | Mangled by Duvessa

Levels and vault maps discovered:
D:1:      roderic_dead_forest, layout_basic, serial_curves, eino_curves_01,
          eino_curves_01, minmay_tromino_v4_b
D:2:      layout_loops_ring, chequers_ecumenical_altar_simple,
          chequers_serial_rivers_micro_e
D:3:      layout_basic, uniq_jessica, uniq_natasha, uniq_sigmund, uniq_robin
D:4:      layout_basic, portal_sewer_entry_d, first_ration
D:5:      cheibrodos_two_vegetables, layout_basic,
          chequers_temple_overflow_minitemple, enter_ossuary_1
D:6:      layout_layer_cave, minmay_temple_entry_statues_fountains,
          elyvilon_altar_3
D:7:      layout_basic, kennysheep_mini_moat, uniq_duvessa
Temple:   cyrus_circular_temple

Skill      XL: |  1  2  3  4  5  6  7  8  9 |
---------------+----------------------------+-----
Conjurations   | 2 3 4 6 |  6.3
Fire Magic     | 4 5 6 7 |  7.0
Dodging        | 3 4 5 |  5.1
Spellcasting   | 4 5 6 8 |  8.7
Shields        | 1 2 |  2.8
Staves         | 1 2 |  2.2
Evocations     | 1 |  1.8
Fighting       | |  0.9
Short Blades   | |  0.3
Stealth        | |  2.4

Action                   |  1- 3 |  4- 6 |  7- 9 || total
-------------------------+-------+-------+-------++-------
Melee: Unarmed           |     1 |       |       ||     1
       Dagger            |    19 |       |       ||    19
       Quarterstaff      |     7 |    32 |    36 ||    75
       Rapier            |       |       |    45 ||    45
 Fire: Shortbow          |       |       |     8 ||     8
 Cast: Flame Tongue      |    61 |    53 |    29 ||   143
       Throw Flame       |     2 |    10 |    39 ||    51
       Sticky Flame      |       |    12 |    30 ||    42
       Fireball          |       |       |    14 ||    14
       Inner Flame       |       |       |     1 ||     1
Evoke: Wand              |       |       |     2 ||     2
  Use: Scroll            |       |     6 |     1 ||     7
       Potion            |       |       |     4 ||     4
 Stab: Sleeping          |     3 |     4 |     1 ||     8
  Eat: Chunk             |     2 |     9 |    15 ||    26
       Ration            |       |       |     6 ||     6
Armor: Robe              |    11 |    16 |    20 ||    47
       Skin              |       |       |     9 ||     9
Dodge: Dodged            |    44 |    62 |    98 ||   204
